 Dungeon Crawl Stone Soup version 0.24-a0-653-g3936067ed8 (webtiles) character file.

Game seed: 12170719628127035164, levelgen mode: deterministic

282 Holzbalken the Shield-Bearer (level 6, -2/47 HPs)
             Began as a Formicid Fighter on Sept 27, 2019.
             Was a Follower of Qazlal.
             Slain by a gnoll
             ... wielding a +0 spear
              (3 damage)
             ... on level 4 of the Dungeon.
             The game lasted 00:19:00 (3482 turns).

Holzbalken the Shield-Bearer (Formicid Fighter)     Turns: 3482, Time: 00:19:01

Health: -2/47      AC:  6    Str: 22    XL:     6   Next: 53%
Magic:  6/6        EV:  8    Int:  8    God:    Qazlal [*.....]
Gold:   92         SH: 11    Dex: 10    Spells: 5/5 levels left

rFire    . . .     SeeInvis +   a - +0 halberd
rCold    . . .     Gourm    .   c - +0 shield
rNeg     . . .     Faith    .   b - +0 scale mail
rPois    .         Spirit   .   (helmet unavailable)
rElec    .         Reflect  .   (no cloak)
rCorr    .         Harm     .   (no gloves)
MR       .....                  (no boots)
Stlth    ..........             (no amulet)
HPRegen  0.15/turn              i - ring of flight
MPRegen  0.10/turn              f - ring of teleportation (curse)

@: heavily drained
A: permanent stasis, dig shafts and tunnels, four strong arms, antennae 3
a: Dig, Shaft Self, Renounce Religion, Evoke Flight


You were on level 4 of the Dungeon.
You worshipped Qazlal.
Qazlal was aware of your devotion.
You were not hungry.

You visited 1 branch of the dungeon, and saw 4 of its levels.

You collected 92 gold pieces.

Inventory:

Hand Weapons
 a - a +0 halberd (weapon)
   (You took it off a gnoll on level 4 of the Dungeon)
 s - a +0 hunting sling
   (You took it off a goblin on level 3 of the Dungeon)
 u - a +0 trident
Missiles
 g - 172 stones (quivered)
Armour
 b - a +0 scale mail (worn)
 c - a +0 shield (worn)
Jewellery
 f - a cursed ring of teleportation (right hand)
   (You found it on level 2 of the Dungeon)
 i - a ring of flight (left hand)
   (You found it on level 1 of the Dungeon)
Wands
 l - a wand of polymorph (7)
   (You found it on level 2 of the Dungeon)
Scrolls
 k - a scroll of teleportation {unknown}
 m - a scroll of enchant armour {unknown}
 n - 2 scrolls of identify {unknown}
 p - a scroll of fog {unknown}
 t - a scroll of magic mapping {unknown}
 v - a scroll of blinking {unknown}
Potions
 d - 2 potions of might
 h - a potion of curing {unknown}
 j - 2 potions of agility {unknown}
 o - a potion of magic {unknown}
 q - a potion of heal wounds {unknown}
Comestibles
 e - 4 rations {!d}
 r - 4 chunks of flesh


   Skills:
 - Level 3.2(2.0) Fighting
 * Level 5.3(4.0) Polearms
 - Level 3.2(2.0) Armour
 + Level 5.5(4.2) Shields


You had 5 spell levels left.
You didn't know any spells.
Your spell library was empty.

Dungeon Overview and Level Annotations

Branches:
Dungeon (4/15)
 Temple: D:4-7

Altars:
Ashenzari
Nemelex Xobeh
Qazlal


Innate Abilities, Weirdness & Mutations

You cannot be hasted, slowed, berserked, paralysed or teleported.
You can dig through walls and to a lower floor.
Your four strong arms can wield two-handed weapons with a shield.
You have a pair of large antennae on your head. (SInv)


Message History

The gnoll hits you from afar with a +0 spear. x2
You block the gnoll's attack.
Attack whom?
Aim: a gnoll, wielding a +0 spear You reach to attack!
You hit the gnoll. You block the gnoll's attack. x3
Attack whom?
Aim: a gnoll, wielding a +0 spear (moderately wounded)
You reach to attack!
You slash the gnoll!
You kill the gnoll!
Qazlal accepts your kill. You block the gnoll's attack.
The gnoll hits you from afar with a +0 spear.
* * * LOW HITPOINT WARNING * * *
Attack whom?
Aim: a gnoll, wielding a +0 spear (fast)
You reach to attack!
Your shield prevents you from hitting the gnoll.
You block the gnoll's attack. The gnoll hits you but does no damage.
Attack whom?
Aim: a gnoll, wielding a +0 spear (fast)
You reach to attack!
You barely miss the gnoll.
The gnoll hits you from afar with a +0 spear!
* * * LOW HITPOINT WARNING * * *
You block the gnoll's attack.
Attack whom?
Aim: a gnoll, wielding a +0 spear (fast)
You reach to attack!
You closely miss the gnoll.
The gnoll hits you from afar with a +0 spear!
* * * LOW HITPOINT WARNING * * *
You block the gnoll's attack.
Attack whom?
Aim: a gnoll, wielding a +0 spear (fast)
You reach to attack!
You puncture the gnoll!
The gnoll hits you from afar with a +0 spear.
* * * LOW HITPOINT WARNING * * *
The gnoll hits you from afar with a +0 spear.
* * * LOW HITPOINT WARNING * * *
Attack whom?
Aim: a gnoll, wielding a +0 spear (heavily wounded, fast)
You reach to attack!
You slash the gnoll!
The gnoll is no longer moving quickly.
You block the gnoll's attack. The gnoll hits you but does no damage.
You block the gnoll's attack.
Attack whom?
Aim: a gnoll, wielding a +0 spear (almost dead)
You reach to attack!
You closely miss the gnoll. You block the gnoll's attack.
Attack whom?
Aim: a gnoll, wielding a +0 spear (almost dead)
You reach to attack!
You closely miss the gnoll. You block the gnoll's attack.
The gnoll hits you from afar with a +0 spear.
You die...

#.....#.......######....#####
#.....'.......#....#.........
#######.......#....#.......>.
#.......#....+.........
#.......#...####'###...
#.......#...#......#...
#....)g.#...#......#...
#.....§.#...'......#...
#....°@.'...#......#...
#.......#...#......####
#.......#...#........
+.......#...'.........
#.......#...#.........
#.......#...#........
#.......'...#.......
#.......#####......
#######............


You could see a gnoll.

Vanquished Creatures
  A gnoll shaman (D:4)
  Natasha (twice) (D:2)
  Terence (D:2)
  3 gnolls
  5 adders
  A shadow imp (D:4)
  An ooze (D:1)
  An adder skeleton (D:4)
  4 worms
  4 dart slugs
  2 orcs
  4 giant cockroaches
  11 goblins
  7 hobgoblins
  5 jackals (D:1)
  3 quokkas (D:2)
  2 bats (D:2)
  6 frilled lizards
  9 kobolds
  5 rats
77 creatures vanquished.

Vanquished Creatures (others)
  Natasha (D:2)
1 creature vanquished.

Grand Total: 78 creatures vanquished

Notes
Turn   | Place    | Note
-------+----------+-------------------------------------------
     0 | D:1      | Holzbalken the Formicid Fighter began the quest for the
                  | Orb.
     0 | D:1      | Reached XP level 1. HP: 18/18 MP: 1/1
    74 | D:1      | Reached XP level 2. HP: 19/24 MP: 2/2
   331 | D:1      | Reached XP level 3. HP: 26/29 MP: 3/3
   790 | D:2      | Found a stormy altar of Qazlal.
   805 | D:2      | Became a worshipper of Qazlal Stormbringer
   806 | D:2      | Noticed Terence
   827 | D:2      | Killed Terence
   827 | D:2      | Reached XP level 4. HP: 8/35 MP: 4/4
  1073 | D:2      | Found a shattered altar of Ashenzari.
  1074 | D:2      | Noticed Natasha
  1086 | D:2      | Killed Natasha
  1320 | D:2      | Reached XP level 5. HP: 41/41 MP: 5/5
  1432 | D:2      | Noticed Natasha
  1780 | D:2      | Killed Natasha
  1780 | D:2      | Reached skill level 5 in Shields
  1874 | D:2      | Found a sparkling altar of Nemelex Xobeh.
  1935 | D:2      | Killed Natasha
  2223 | D:3      | Reached * piety under Qazlal
  2518 | D:3      | Reached XP level 6. HP: 37/47 MP: 6/6
  3171 | D:3      | Reached skill level 5 in Polearms
  3479 | D:4      | HP: 1/47 [gnoll/+0 spear (2)]
  3482 | D:4      | Slain by a gnoll

Levels and vault maps discovered:
D:1:      lemuel_arrival_muddy, layout_loops_ring
D:2:      layout_basic, lemuel_doored_altar, ashenzari_conservatory_becter,
          grunt_qazlal_clouds, uniq_terence, uniq_natasha
D:3:      layout_basic
D:4:      layout_gridville, first_ration

Skill      XL: |  1  2  3  4  5  6 |
---------------+-------------------+-----
Shields        | 4 5 |  5.5
Polearms       | 3 4 5 |  5.3
Fighting       | |  3.2
Armour         | |  3.2

Action                   |  1- 3 |  4- 6 || total
-------------------------+-------+-------++-------
Melee: Trident           |   109 |   212 ||   321
       Halberd           |       |    17 ||    17
  Eat: Chunk             |       |     5 ||     5
       Ration            |       |     1 ||     1
Armor: Scale mail        |    17 |    49 ||    66
Dodge: Dodged            |    21 |    43 ||    64
Block: Shield            |    43 |   104 ||   147

Table legend:
 A = Non-vault XP
 B = Vault XP
 C = Vault XP percentage of total XP
 D = Non-vault monster count
 E = Vault monster count
 F = Vault count percentage of total count
                 A         B        C        D         E       F
            +---------+---------+-------+---------+---------+-------
      Total |     331 |      72 |  17.9 |      75 |       2 |   2.6
            +---------+---------+-------+---------+---------+-------
        D:1 |      59 |       0 |   0.0 |      29 |       0 |   0.0
        D:2 |      96 |      72 |  42.9 |      26 |       2 |   7.1
        D:3 |      76 |       0 |   0.0 |      13 |       0 |   0.0
        D:4 |     100 |       0 |   0.0 |       7 |       0 |   0.0
            +---------+---------+-------+---------+---------+-------
